 Dungeon Crawl Stone Soup version 0.29.1-2-gbd0b4ee654 (webtiles) character file.

Game seed: 1916242692787860972

2897 PhantomBowie the Cleaver (level 9, -4/123 HPs)
             Began as a Hill Orc Fighter on Nov 24, 2022.
             Was a Priest of Okawaru.
             Killed from afar by a gargoyle (13 damage)
             ... with a stone arrow
             ... on level 7 of the Dungeon on Nov 30, 2022.
             The game lasted 00:20:10 (6300 turns).

PhantomBowie the Cleaver (Hill Orc Fighter)         Turns: 6300, Time: 00:20:10

Health: -4/123     AC: 13    Str: 23    XL:     9   Next: 77%
Magic:  9/9        EV:  8    Int:  8    God:    Okawaru [***...]
Gold:   543        SH:  6    Dex: 16    Spells: 8/8 levels left

rFire   . . .      SeeInvis .   t - +0 broad axe
rCold   . . .      Faith    .   c - +0 buckler
rNeg    . . .      Spirit   .   n - +0 chain mail
rPois   .          Reflect  .   (no helmet)
rElec   .          Harm     .   B - +0 cloak
rCorr   .          Rampage  .   e - +0 pair of gloves
Will    .....                   (no boots)
Stlth   ..........              u - amulet of regeneration
HPRegen 1.10/turn               j - +4 ring of slaying
MPRegen 0.11/turn               o - +6 ring of dexterity

@: berserking, very quick
A: no striking features
a: Renounce Religion, Heroism


You were on level 7 of the Dungeon.
You worshipped Okawaru.
Okawaru was most pleased with you.
You visited 2 branches of the dungeon, and saw 8 of its levels.

You collected 543 gold pieces.

Inventory:

Hand Weapons
 t - a +0 broad axe (weapon)
Missiles
 f - 2 throwing nets (quivered)
Armour
 c - a +0 buckler (worn)
 e - a +0 pair of gloves (worn)
 n - a +0 chain mail (worn)
 B - a +0 cloak (worn)
Jewellery
 j - a +4 ring of slaying (left hand)
 o - a +6 ring of dexterity (right hand)
 u - an amulet of regeneration (around neck)
Wands
 a - a wand of polymorph (5)
 q - a wand of flame (12)
Scrolls
 b - 3 scrolls of poison
 h - 2 scrolls of teleportation {unknown}
 k - a scroll of summoning {unknown}
 s - a scroll of magic mapping
 v - a scroll of blinking {unknown}
 w - 2 scrolls of acquirement
 y - 5 scrolls of noise
 z - 2 scrolls of vulnerability {unknown}
 C - a scroll of brand weapon {unknown}
 E - a scroll of torment {unknown}
Potions
 d - 2 potions of might
 g - 3 potions of lignification
 l - a potion of ambrosia
 m - 3 potions of curing
 p - a potion of heal wounds
 r - 2 potions of attraction {unknown}
 x - 2 potions of mutation {unknown}
 A - a potion of flight {unknown}
 D - a potion of magic {unknown}


   Skills:
 + Level 8.7 Fighting
 + Level 9.0 Axes
 + Level 7.9 Armour
 + Level 8.0 Shields


You had 8 spell levels left.
You didn't know any spells.
Your spell library contained the following spells:

 Spells                   Type           Power      Damage    Failure   Level
 Apportation              Tloc           0%         N/A       98%         1
 Freeze                   Ice            0%         1d3       98%         1
 Frozen Ramparts          Ice            0%         1d1       100%        3
 Hailstorm                Conj/Ice       0%         3d3       100%        4
 Alistair's Intoxication  Tmut/Pois      0%         N/A       100%        5


Dungeon Overview and Level Annotations

Branches:
Dungeon (7/15)             Temple (1/1) D:4

Altars:
Cheibriados
Dithmenos
Elyvilon
Fedhas
Gozag
Hepliaklqana
Makhleb
Nemelex Xobeh
Okawaru
Qazlal
Ru
Sif Muna
Trog
Uskayaw
Vehumet
Wu Jian
Zin

Shops:
D:1 =   D:4 :   D:5 [


Message History

* * * LOW HITPOINT WARNING * * *
The gargoyle hurls a stone arrow at you.
The stone arrow hits you but does no damage.
There is a stone staircase leading up here.
You climb upwards.
There is a stone staircase leading down here.
You see here a +0 club.
There is a stone staircase leading down here.
You start resting.
HP restored.
You climb downwards.
There is a stone staircase leading up here.
The gargoyle hurls a stone arrow at you.
The stone arrow misses you.
The gargoyle hurls a stone arrow at you.
The stone arrow hits you!!
There is a stone staircase leading up here.
The gargoyle barely misses you.
You hit the gargoyle but do no damage. The gargoyle hits you with a +0 mace!
You slash the gargoyle!
The gargoyle is moderately damaged.
The gargoyle hits you with a +0 mace!
You hit the gargoyle but do no damage.
The gargoyle is moderately damaged.
The gargoyle hurls a stone arrow at you.
The stone arrow misses you.
You hit the gargoyle.
The gargoyle is heavily damaged.
The gargoyle hits you with a +0 mace!!
* * * LOW HITPOINT WARNING * * *
A red film seems to cover your vision as you go berserk!
You feel yourself moving faster!
You feel mighty!
The gargoyle hurls a stone arrow at you.
The stone arrow hits you!!
* * * LOW HITPOINT WARNING * * *
You hit the gargoyle but do no damage.
The gargoyle is heavily damaged.
The gargoyle hurls a stone arrow at you.
The stone arrow hits you!
You die...

................#
................##
..............#..#
..............#..###
...##.#............#
...######.#........#
..#####.#.#........#
...##.....#..####<.#
......##..##.###@#.###
#.#.......#...#.9....#
.....#.......##....###
.....#.##9.......###
........#........#
##..###.......#.##
##...###.##...###
.....###.#.<#..#
..##.....##...##


You could see a gargoyle.

Vanquished Creatures
  Sigmund (D:2)
  Eustachio (D:6)
  A wyvern (D:7)
  Menkaure (D:5)
  Duvessa (D:6)
  An ice beast (D:6)
  2 black bears
  Blork the orc (D:5)
  5 kobold brigands (D:4)
  2 bullfrogs
  A necrophage (D:7)
  A scorpion (D:4)
  5 wights (D:6)
  Dowan (D:6)
  A jelly (D:6)
  3 orc priests
  Crazy Yiuf (D:5)
  3 hounds (D:6)
  5 iguanas
  Natasha (thrice) (D:2)
  4 orc wizards
  Terence (D:2)
  7 adders
  20 gnolls
  A shadow imp (D:6)
  2 white imps
  A worm (D:3)
  2 dart slugs
  24 orcs
  6 ball pythons
  5 endoplasms
  2 giant cockroaches (D:3)
  5 goblins
  13 hobgoblins
  8 quokkas
  7 bats
  3 frilled lizards
  45 kobolds
  7 rats
203 creatures vanquished.

Vanquished Creatures (others)
  4 fungi (D:5)
4 creatures vanquished.

Grand Total: 207 creatures vanquished

Notes
Turn   | Place    | Note
-------+----------+-------------------------------------------
     0 | D:1      | PhantomBowie the Hill Orc Fighter began the quest for the
                  | Orb.
     0 | D:1      | Reached XP level 1. HP: 19/19 MP: 1/1
    77 | D:1      | Reached skill level 3 in Axes
    77 | D:1      | Reached XP level 2. HP: 27/27 MP: 2/2
   332 | D:1      | Reached XP level 3. HP: 33/33 MP: 3/3
   350 | D:1      | Found Fawilodo's Jewellery Boutique.
   459 | D:1      | Found a faded altar of an unknown god.
   768 | D:2      | Noticed Natasha
   776 | D:2      | Killed Natasha
   777 | D:2      | Reached XP level 4. HP: 23/40 MP: 4/4
  1008 | D:2      | Noticed Terence
  1020 | D:2      | Killed Terence
  1115 | D:2      | Reached skill level 4 in Axes
  1209 | D:2      | Noticed Natasha
  1219 | D:2      | Killed Natasha
  1220 | D:2      | Reached XP level 5. HP: 26/47 MP: 5/5
  1377 | D:2      | Found an iron altar of Okawaru.
  1385 | D:2      | Became a worshipper of Warmaster Okawaru
  1488 | D:2      | Noticed Sigmund
  1500 | D:2      | Killed Sigmund
  1501 | D:2      | Reached skill level 5 in Fighting
  1501 | D:2      | Reached XP level 6. HP: 40/56 MP: 6/6
  1652 | D:2      | Noticed Natasha
  1657 | D:2      | Killed Natasha
  1658 | D:2      | Reached skill level 5 in Axes
  1959 | D:3      | Reached * piety under Okawaru
  1960 | D:3      | Reached skill level 5 in Shields
  2344 | D:3      | Found a shadowy altar of Dithmenos.
  2347 | D:3      | Found a burning altar of Makhleb.
  2488 | D:3      | Found a sparkling altar of Nemelex Xobeh.
  2490 | D:3      | Found a shimmering blue altar of Sif Muna.
  2657 | D:4      | Found Cymuom's Vocational Training.
  2691 | D:4      | Reached XP level 7. HP: 61/61 MP: 7/7
  2754 | D:4      | Reached skill level 5 in Armour
  2784 | D:4      | Found a staircase to the Ecumenical Temple.
  2793 | Temple   | Entered the Ecumenical Temple
  3457 | D:4      | Reached skill level 6 in Axes
  3593 | D:4      | Reached XP level 8. HP: 71/71 MP: 8/8
  3794 | D:4      | Reached ** piety under Okawaru
  4005 | D:4      | Identified 2 scrolls of acquirement
  4015 | D:5      | Entered Level 5 of the Dungeon
  4069 | D:5      | Noticed Blork the orc
  4080 | D:5      | Killed Blork the orc
  4081 | D:5      | Reached skill level 7 in Axes
  4584 | D:5      | Noticed Menkaure
  4590 | D:5      | Killed Menkaure
  4608 | D:5      | Found Keinkeuti's Antique Armour Emporium.
  4844 | D:5      | Found a runed translucent door.
  4845 | D:5      | Noticed Crazy Yiuf
  4858 | D:5      | Killed Crazy Yiuf
  4972 | D:6      | Noticed Eustachio
  5015 | D:6      | Killed Eustachio
  5016 | D:6      | Reached XP level 9. HP: 79/79 MP: 9/9
  5136 | D:6      | Reached skill level 8 in Axes
  5140 | D:6      | Reached *** piety under Okawaru
  5171 | D:6      | Noticed Dowan
  5172 | D:6      | Noticed Duvessa
  5178 | D:6      | Killed Duvessa
  5189 | D:6      | Killed Dowan
  6042 | D:7      | Noticed a kobold demonologist
  6043 | D:7      | Noticed a rust devil
  6043 | D:7      | Noticed a gargoyle
  6165 | D:7      | Reached skill level 9 in Axes
  6300 | D:7      | Killed from afar by a gargoyle

Illustrated notes

Levels and vault maps discovered:
D:1:      erik_arrival_orb_chamber, layout_basic,
          hellmonk_ecumenical_altar_prayer_group, serial_shops, shop,
          minmay_3d_cube
D:2:      layout_rooms, basic_altar, grunt_ministairs_3, uniq_natasha,
          uniq_terence, uniq_sigmund
D:3:      layout_basic, nicolae_overflow_hidden_temple, minmay_box_of_dots
D:4:      minmay_goblin_kobold_castle, layout_basic, minmay_temple_entry_tees,
          nicolae_shop_vocational
D:5:      layout_basic, serial_shops, kennysheep_mini, uniq_blork_the_orc,
          uniq_menkaure, uniq_crazy_yiuf_cottage
D:6:      layout_basic, uniq_eustachio, uniq_duvessa
D:7:      minmay_blocky_corners, layout_cave_pools, old_standard_altar
Temple:   nicolae_temple_x_marks_the_god

Skill      XL: |  1  2  3  4  5  6  7  8  9 |
---------------+----------------------------+-----
Axes           | 3 4 5 6 7 9 |  9.0
Fighting       | 4 5 6 7 8 |  8.7
Armour         | 4 5 6 7 |  7.9
Shields        | 4 5 7 8 |  8.0

Action                   |  1- 3 |  4- 6 |  7- 9 || total
-------------------------+-------+-------+-------++-------
Melee: War axe           |    84 |    93 |   186 ||   363
       Broad axe         |       |       |   159 ||   159
  Use: Scroll            |       |       |    10 ||    10
       Potion            |       |       |     1 ||     1
Armor: Scale mail        |    39 |     3 |       ||    42
       Chain mail        |       |    28 |   171 ||   199
Dodge: Dodged            |    34 |    27 |   102 ||   163
Block: Buckler           |    29 |    19 |    81 ||   129
